 Dungeon Crawl Stone Soup version 0.31.0-32-g396128a36d (webtiles) character file.

Game seed: 8784455619748574988

311 Dvallin the Changeling (level 6, 0/48 HPs)
             Began as a Naga Shapeshifter on Apr 1, 2024.
             Was a Believer of Trog.
             Incinerated by a bombardier beetle (4 damage)
             ... with a burning spray
             ... on level 4 of the Dungeon.
             The game lasted 00:06:56 (2660 turns).

Dvallin the Changeling (Naga Shapeshifter)          Turns: 2660, Time: 00:06:57

Health: 0/48       AC:  3    Str: 23    XL:     6   Next: 42%
Magic:  6/6        EV: 13    Int:  9    God:    Trog [**....]
Gold:   108        SH:  0    Dex:  9    Spells: 5/5 levels left

rFire   . .          .
                       - Unarmed
rCold   + . .        (shield currently unavailable)
rNeg    . . .        a - melded +0 animal skin
rPois   +            (no helmet)
rElec   .            f - +0 cloak
rCorr   .            (no gloves)
SInv    +            (no barding)
Will    .....        j - amulet of the acrobat
Stlth   +            (no ring)
HPRegen 0.28/turn    (no ring)
MPRegen 0.10/turn

%: acrobat
@: on fire, flux-form, glowing, very slow
A: glow, contaminating, reduced hp, AC +2, large, see invisible, deformed body,
poison resistance, slowness 2, spit poison 1, naga tail 1, cold resistance 1,
high MP 1, strong 1
a: Spit Poison, Begin Untransformation, Renounce Religion, Berserk, Trog's Hand


You were on level 4 of the Dungeon.
You worshipped Trog.
Trog was pleased with you.
You were something dangerously unstable.
You visited 1 branch of the dungeon, and saw 4 of its levels.

You collected 108 gold pieces.

Inventory:

Missiles
 q - a throwing net
Armour
 a - a +0 animal skin (melded)
 f - a +0 cloak (worn)
Jewellery
 j - an amulet of the acrobat (around neck)
Talismans
 c - a beast talisman
 d - a flux talisman (active)
 l - a granite talisman
Scrolls
 g - 6 scrolls of identify {unknown}
 i - 3 scrolls of summoning {unknown}
 m - a scroll of fog {unknown}
 o - 2 scrolls of teleportation {unknown}
 s - a scroll of revelation {unknown}
 t - a scroll of noise {unknown}
 u - a scroll of enchant armour {unknown}
 w - a scroll of amnesia {unknown}
Potions
 b - 3 potions of lignification
 h - a potion of enlightenment {unknown}
 k - a potion of invisibility {unknown}
 n - a potion of degeneration {unknown}
 p - a potion of magic {unknown}
 r - a potion of haste {unknown}
 v - a potion of curing {unknown}


   Skills:
 - Level 1.0 Fighting
 - Level 1.5 Dodging
 - Level 3.0 Unarmed Combat
 + Level 6.5 Shapeshifting


You had 5 spell levels left.
You didn't know any spells.
Your spell library contained the following spells:

 Spells                   Type           Power      Damage    Failure   Level
 Stone Arrow              Conj/Erth      0%         3d7       77%         3
 Animate Armour           Summ/Erth      0%         N/A       99%         4
 Lehudib's Crystal Spear  Conj/Erth      0%         10d2      100%        8


Dungeon Overview and Level Annotations

Branches:
Dungeon (4/15)
 Temple: D:4-7

Altars:
Dithmenos
Gozag
Kikubaaqudgha
Trog

Annotations:
D:3 3 runed translucent doors, 601d51SH's ghost, amateur GnFi


Innate Abilities, Weirdness & Mutations

You are something dangerously unstable.
You glow with magical radiation, making you easy to see and hit.
Foes you strike become dangerously contaminated with magical radiation.
Your maximum health is decreased, since you lack skill for your form.
You are incapable of wielding weapons or throwing items.
Your serpentine skin is tough. (AC +2)
You have supernaturally acute eyesight. (SInv)
Armour fits poorly on your strangely shaped body.
Your system is resistant to poisons. (rPois)
You cover ground very slowly.
You can spit poison.
You have a snake-like lower body.
Your flesh is cold resistant. (rC+)
You have an increased reservoir of magic. (+10% MP)
Your muscles are strong. (Str +4, Int/Dex -1)


Message History

You hit the adder.
The adder shudders as magic cascades through it.
The adder twists and deforms.
The adder is almost dead.
The adder closely misses you.
You closely miss the adder.
The adder is almost dead.
The adder misses you.
The bombardier beetle sprays incendiary fluid at you.
The burning spray hits you.
You are covered in liquid fire!
You barely miss the adder.
The adder is almost dead.
The liquid fire burns you! The adder bites you but does no damage.
The bombardier beetle misses you.
You hit the adder.
The adder begins to glow.
The adder is almost dead.
The liquid fire burns you! The adder completely misses you.
You closely miss the adder.
The adder is almost dead.
The liquid fire burns you!
* * * LOW HITPOINT WARNING * * *
The adder bites you but does no damage.
The bombardier beetle closely misses you.
You completely miss the adder.
The adder is almost dead.
The liquid fire burns you!
* * * LOW HITPOINT WARNING * * *
The adder bites you but does no damage. The adder barely misses you.
You completely miss the adder.
The adder is almost dead.
The liquid fire burns you!
* * * LOW HITPOINT WARNING * * *
The adder bites you but does no damage. The bombardier beetle bites you.
* * * LOW HITPOINT WARNING * * *
It was a potion of mutation.
You feel extremely strange.
You feel resistant to cold.
You feel stronger.
You feel more energetic. The liquid fire burns you!
You die...

#...##.## ........#
#..<## #############...#
## .........#.#....#
.#$. #####....#...†...#
.....#.#..#..#.....†..##
......B....##..........#
......Sp...##..........#
....####..#..#......#..#
. ######....#.....#..#
#[.........#.#..#..#
###############.##.# ..
#.# .##


You could see a bombardier beetle and an adder (contam, misshapen).

Vanquished Creatures
  Sigmund (D:2)
  An orc priest (D:2)
  Jessica (D:2)
  4 adders
  A ribbon worm (D:2)
  A dart slug (D:1)
  4 orcs
  6 ball pythons
  5 endoplasms
  3 giant cockroaches
  2 goblins
  6 hobgoblins
  2 jackals (D:1)
  2 kobolds
  3 quokkas
  4 bats
  A frilled lizard (D:1)
  2 rats
49 creatures vanquished.

Vanquished Creatures (others)
  A human (D:3)
1 creature vanquished.

Grand Total: 50 creatures vanquished

Notes
Turn   | Place    | Note
-------+----------+-------------------------------------------
     0 | D:1      | Dvallin the Naga Shapeshifter began the quest for the Orb.
     0 | D:1      | Reached XP level 1. HP: 18/18 MP: 1/1
   295 | D:1      | Reached XP level 2. HP: 10/25 MP: 2/2
   850 | D:1      | Found a faded altar of an unknown god.
   905 | D:1      | Prayed at the altar of an unknown god.
   905 | D:1      | Became a worshipper of Trog the Wrathful
   905 | D:1      | Reached * piety under Trog
  1049 | D:2      | Reached XP level 3. HP: 17/31 MP: 3/3
  1057 | D:2      | Reached skill level 4 in Shapeshifting
  1225 | D:2      | Noticed Jessica
  1236 | D:2      | Killed Jessica
  1237 | D:2      | Reached XP level 4. HP: 14/38 MP: 4/4
  1428 | D:2      | Identified the +0 ring mail of Tyckoz {rC+ Will+ Int+3
                  | Stlth+}
  1640 | D:2      | Noticed Sigmund
  1661 | D:2      | Killed Sigmund
  1662 | D:2      | Reached skill level 6 in Shapeshifting
  1662 | D:2      | Reached XP level 5. HP: 17/44 MP: 5/5
  1662 | D:2      | Reached XP level 6. HP: 20/51 MP: 6/6
  1836 | D:3      | Found an ancient bone altar of Kikubaaqudgha.
  1837 | D:3      | Noticed a human
  1839 | D:3      | Killed a human
  1939 | D:3      | Found a shadowy altar of Dithmenos.
  2232 | D:2      | Reached ** piety under Trog
  2556 | D:3      | Found a runed translucent gate.
  2556 | D:3      | Found an opulent altar of Gozag.
  2556 | D:3      | Found a runed translucent gate.
  2557 | D:3      | Found a runed translucent gate.
  2559 | D:3      | Noticed an orc warrior
  2559 | D:3      | Noticed 601d51SH's ghost (amateur GnFi)
  2660 | D:4      | Gained mutation: Your flesh is cold resistant. (rC+)
                  | [potion of mutation]
  2660 | D:4      | Gained mutation: Your muscles are strong. (Str +4, Int/Dex
                  | -1) [potion of mutation]
  2660 | D:4      | Gained mutation: You have an increased reservoir of magic.
                  | (+10% MP) [potion of mutation]
  2660 | D:4      | Incinerated by a bombardier beetle

Illustrated notes

Levels and vault maps discovered:
D:1:      lemuel_arrival_hallway, layout_basic,
          hellmonk_ecumenical_altar_inner_sanctum, minmay_misc_feat_enclosed
D:2:      layout_basic, st_stairs_1, uniq_jessica, uniq_sigmund
D:3:      layout_rooms, tgw_kikubaaqudgha, lemuel_coloured_pillars_altar,
          ebering_ghost_gozag
D:4:      layout_rooms, okawaru_gym_becter, mainiacjoe_overflow_alcove_1,
          nicolae_half_adder

Skill      XL: |  1  2  3  4 |
---------------+-------------+-----
Shapeshifting  | 4 6 |  6.5
Fighting       | |  1.0
Dodging        | |  1.5
Unarmed Combat | |  3.0

Action                     |  1- 3 |  4- 6 || total
---------------------------+-------+-------++-------
  Melee: Unarmed           |    91 |   130 ||   221
Ability: Begin Untransform |       |     1 ||     1
    Use: Potion            |       |     1 ||     1
 Armour: Skin              |    32 |    88 ||   120
         Animal skin       |     2 |       ||     2
  Dodge: Dodged            |    52 |   115 ||   167
   Form: Flux              |     1 |     1 ||     2
